[Event "Titled Tuesday Blitz November 29 Early 2022"]
[White "Manukyan, Sargis A."]
[Black "Sokolovsky, Yahli"]
[WhiteFideId "13303970"]
[BlackFideId "2820242"]
[WhiteElo "2187"]
[BlackElo "2316"]
[Result "1-0"]
[Round "04"]
[TimeControl "180+1"]
[Date "2022.11.30"]
[WhiteClock "0:00:11"]
[BlackClock "0:00:03"]

1. Nf3 g6 2. d4 Bg7 3. c4 d6 4. Nc3 Nf6 5. e4 O-O 6. Be2 Bg4 7. O-O Nc6 8. Be3 e5 9. d5 Bxf3 10. Bxf3 Nd4 11. Bxd4 exd4 12. Qxd4 a5 13. Qd2 Nd7 14. Rfe1 Nc5 15. Rac1 Re8 16. g3 a4 17. Bg2 Qf6 18. Nb5 Re7 19. Re2 a3 20. b4 Nb3 21. axb3 a2 22. Qxa2 Rxa2 23. Rxa2 h5 24. h4 c6 25. dxc6 bxc6 26. Na7 Rc7 27. b5 cxb5 28. Nxb5 Rd7 29. Rd1 Qe7 30. Ra6 Be5 31. f4 Bg7 32. Raxd6 Rxd6 33. Rxd6 Kh7 34. e5 f6 35. e6 f5 36. Bd5 Qf6 37. Rd7 Qa1+ 38. Kh2 Qe1 39. e7 Kh6 40. Nc7 Bd4 41. Bg2 1-0


[Site "https://www.chess.com"]

[Event "Titled Tuesday Blitz November 29 Early 2022"]
[White "Matveeva, Olga"]
[Black "Adel, Sara"]
[WhiteFideId "24107018"]
[BlackFideId "10616764"]
[WhiteElo "2055"]
[BlackElo "1994"]
[Result "1-0"]
[Round "04"]
[TimeControl "180+1"]
[Date "2022.11.30"]
[WhiteClock "0:00:46"]
[BlackClock "0:00:20"]

1. d4 Nf6 2. c4 g6 3. Nf3 Bg7 4. g3 d6 5. Bg2 O-O 6. O-O Nc6 7. Nc3 e5 8. d5 Ne7 9. e4 Ne8 10. Ne1 f5 11. f4 Nf6 12. Nd3 fxe4 13. Nxe4 exf4 14. Nxf4 Nf5 15. Ng5 Bh6 16. Nge6 Bxe6 17. Nxe6 Ne3 18. Qd3 Qe7 19. Bxe3 Bxe3+ 20. Qxe3 Ng4 21. Qd4 Rxf1+ 22. Rxf1 Ne5 23. Qf4 c6 24. b3 cxd5 25. Bxd5 Kh8 26. Qf6+ Qxf6 27. Rxf6 Rc8 28. Rf8+ Rxf8 29. Nxf8 Kg7 30. Ne6+ Kf6 31. Nd4 b6 32. Kf2 Nd3+ 33. Ke3 Nc1 34. a3 Ke5 35. Nc6+ Kf6 36. Nd4 Ke5 37. Bf3 g5 38. Bd1 h6 39. Nc6+ Ke6 40. Nxa7 d5 41. Nb5 dxc4 42. bxc4 Ke5 43. Nc3 Kd6 44. Kd2 Kc5 45. Kxc1 Kxc4 46. Ne4 b5 47. Be2+ Kd4 48. Nf6 Kc5 49. Ng8 h5 50. Bxh5 b4 51. axb4+ Kxb4 52. h4 Kc5 53. hxg5 Kd6 54. Nf6 Ke6 55. g4 Ke7 56. Kd2 Kf8 57. Ke3 Kg7 58. Kf4 Kh8 59. Kf5 Kg7 60. g6 Kh8 61. Ne8 Kg8 62. g7 Kh7 63. Ke6 Kg8 64. Bf7+ Kh7 65. g8=Q+ Kh6 66. Qg6# 1-0


[Site "https://www.chess.com"]

[Event "Titled Tuesday Blitz November 29 Early 2022"]
[White "Megalios, Konstantinos"]
[Black "Durarbayli, Vasif"]
[WhiteFideId "4238044"]
[BlackFideId "13402935"]
[WhiteElo "2277"]
[BlackElo "2586"]
[Result "1-0"]
[Round "04"]
[TimeControl "180+1"]
[Date "2022.11.30"]
[WhiteClock "0:00:10"]
[BlackClock "0:00:05"]

1. d4 d5 2. c4 c6 3. cxd5 cxd5 4. Bf4 Nf6 5. e3 Nc6 6. Nc3 a6 7. Bd3 Bg4 8. Nge2 e6 9. Rc1 Be7 10. O-O O-O 11. Na4 Nd7 12. Bg3 Bh5 13. Qb3 Nb4 14. Bc7 Qe8 15. Nf4 Nxd3 16. Qxd3 Bg6 17. Nxg6 hxg6 18. Rc2 b5 19. Nb6 Nxb6 20. Bxb6 Rc8 21. Rfc1 Rc4 22. b3 Rxc2 23. Rxc2 Qb8 24. Bc5 Bd6 25. Bxd6 Qxd6 26. Rc5 Rb8 27. b4 Qd8 28. Qc3 Ra8 29. Rc7 Qd6 30. a3 g5 31. h3 Qb6 32. Rc6 Qd8 33. Qc5 a5 34. Qxb5 axb4 35. axb4 Ra1+ 36. Kh2 Qf6 37. Qb8+ Kh7 38. Qg3 Rb1 39. Rb6 Rb2 40. Kg1 Qf5 41. Rb7 Kg6 42. b5 Rb1+ 43. Kh2 Rb2 44. Kg1 Qb1+ 45. Kh2 Qf5 46. f3 Rb3 47. e4 dxe4 48. fxe4 Qxe4 49. Qxb3 Qxb7 50. b6 Kf6 51. Qf3+ Qxf3 52. gxf3 1-0


[Site "https://www.chess.com"]

[Event "Titled Tuesday Blitz November 29 Early 2022"]
[White "Mitrovic, Darko R"]
[Black "Kvaloy, Aksel Bu"]
[WhiteFideId "927023"]
[BlackFideId "1528815"]
[WhiteElo "2150"]
[BlackElo "2184"]
[Result "0-1"]
[Round "04"]
[TimeControl "180+1"]
[Date "2022.11.30"]
[WhiteClock "0:00:02"]
[BlackClock "0:00:51"]

1. d4 Nf6 2. c4 e6 3. Nf3 d5 4. g3 dxc4 5. Qa4+ Nbd7 6. Qxc4 a6 7. Bg2 b5 8. Qc2 Bb7 9. O-O c5 10. a4 b4 11. Bg5 Rc8 12. dxc5 Bxc5 13. Qd1 O-O 14. Nbd2 Bd5 15. Nb3 Be7 16. Nfd4 Bxg2 17. Kxg2 Nb6 18. a5 Nc4 19. Ra2 Qd5+ 20. Nf3 Qb7 21. Qb1 Rfd8 22. Kg1 h6 23. Bc1 Ne4 24. Ne1 Ng5 25. Bxg5 Bxg5 26. Nd3 Bf6 27. Rd1 Qb5 0-1


[Site "https://www.chess.com"]

[Event "Titled Tuesday Blitz November 29 Early 2022"]
[White "Mogranzini, Roberto"]
[Black "Costachi, Mihnea"]
[WhiteFideId "810894"]
[BlackFideId "1217518"]
[WhiteElo "2469"]
[BlackElo "2424"]
[Result "1-0"]
[Round "04"]
[TimeControl "180+1"]
[Date "2022.11.30"]
[WhiteClock "0:00:35"]
[BlackClock "0:00:02"]

1. e4 e5 2. Nf3 Nf6 3. Nxe5 d6 4. Nf3 Nxe4 5. c3 d5 6. d3 Nf6 7. d4 Bd6 8. Bd3 h6 9. O-O O-O 10. h3 Re8 11. Re1 c5 12. Nbd2 Nc6 13. dxc5 Bxc5 14. Nb3 Bb6 15. Bf4 Ne4 16. Be3 Bf5 17. Bxb6 Qxb6 18. Nfd4 Nxd4 19. Nxd4 Qxb2 20. Re2 Qxc3 21. Nxf5 Nc5 22. Rd2 Qf6 23. Ng3 Rad8 24. Rc1 Ne6 25. Bb5 Rf8 26. Rxd5 Nf4 27. Rxd8 Rxd8 28. Qf3 Qg5 29. Rb1 a6 30. Bf1 b5 31. Rd1 Re8 32. Qc6 Re6 33. Qc8+ Kh7 34. Bd3+ Nxd3 35. Rxd3 Qf4 36. Rf3 Re1+ 37. Kh2 Qc4 38. Qxc4 bxc4 39. Rxf7 Ra1 40. Rc7 Rxa2 41. f3 Rc2 42. Nf5 Kg6 43. Ne3 Rc3 44. Nxc4 Kf6 45. Rc6+ Ke7 46. Ne5 Re3 47. Ng4 Ra3 48. Rg6 Kf8 49. Rb6 a5 50. Rb7 a4 51. Ra7 Ra1 52. Ne5 a3 53. Nc4 a2 54. Ne5 Kg8 55. f4 Kh7 56. h4 h5 57. Kg3 Kh6 58. Nf3 Kg6 59. Ne5+ Kf5 60. Ra4 Ke6 61. Nf3 Kd5 62. f5 Kc5 63. Kf4 Kb5 64. Ra8 Kb4 65. Kg5 Kb3 66. Kxh5 Rd1 67. g4 a1=Q 68. Rxa1 Rxa1 69. Ng5 Ra4 70. Ne6 Kc3 71. Nxg7 Kd4 72. f6 Ra7 73. Kg6 Ke5 74. h5 Kd6 75. h6 Ra4 76. g5 Rh4 77. h7 Ke5 78. Nh5 Rxh5 79. Kxh5 1-0


[Site "https://www.chess.com"]

[Event "Titled Tuesday Blitz November 29 Early 2022"]
[White "Mohammed, Zozek Salah Mohammed"]
[Black "Malek, Jan"]
[WhiteFideId "4803361"]
[BlackFideId "21864080"]
[WhiteElo "2199"]
[BlackElo "2255"]
[Result "0-1"]
[Round "04"]
[TimeControl "180+1"]
[Date "2022.11.30"]
[WhiteClock "0:00:51"]
[BlackClock "0:01:05"]

1. d4 g6 2. Nf3 Bg7 3. g3 c5 4. Bg2 cxd4 5. Nxd4 Nc6 6. Nxc6 bxc6 7. O-O Rb8 8. c3 Nf6 9. Qa4 O-O 10. Qxa7 Rb5 11. Na3 Rh5 12. Bf4 d5 13. Qc7 Qe8 14. Nc2 e5 15. Be3 Bf5 16. Rac1 Qe6 17. Bc5 Bh3 18. Bxf8 Bxg2 19. Kxg2 Qh3+ 20. Kf3 Bxf8 21. Qxc6 Bh6 22. e3 Qg4+ 23. Kg2 Ne4 24. h4 Rf5 25. Qxd5 Rxf2+ 26. Rxf2 Qxg3+ 27. Kh1 Nxf2# 0-1


[Site "https://www.chess.com"]

[Event "Titled Tuesday Blitz November 29 Early 2022"]
[White "Mrudul Dehankar"]
[Black "Melikyan, Gnel"]
[WhiteFideId "25096990"]
[BlackFideId "54109990"]
[WhiteElo "2068"]
[BlackElo "2138"]
[Result "0-1"]
[Round "04"]
[TimeControl "180+1"]
[Date "2022.11.30"]
[WhiteClock "0:00:00"]
[BlackClock "0:00:23"]

1. e4 e6 2. Nf3 d5 3. Nc3 dxe4 4. Nxe4 Nd7 5. d4 Ngf6 6. Nxf6+ Nxf6 7. Bd3 Bd6 8. O-O O-O 9. Qe2 h6 10. c4 b6 11. Bd2 c5 12. Bc3 Bb7 13. Rad1 Qe7 14. dxc5 Bxc5 15. Ne5 Rfd8 16. Bb1 Rxd1 17. Rxd1 Rd8 18. Rxd8+ Qxd8 19. b4 Be7 20. h3 Qc7 21. Bd3 Nd7 22. a3 Bf6 23. f4 Qd6 24. Bc2 a5 25. Qd3 Qxd3 26. Bxd3 axb4 27. axb4 g5 28. g3 h5 29. Bd4 h4 30. Kf2 Nxe5 31. fxe5 Be7 32. gxh4 gxh4 33. Bxb6 Bxb4 34. Be2 Bc3 35. Bc7 Bd4+ 36. Kf1 Kg7 37. Bd3 Kh6 38. Bd8 Kh5 39. Be2+ Kh6 40. Bxh4 Bxe5 41. Bf2 Bc6 42. Ke1 f5 43. Kd2 Bf6 0-1


[Site "https://www.chess.com"]

[Event "Titled Tuesday Blitz November 29 Early 2022"]
[White "Munkhgal, Gombosuren"]
[Black "Lehtosaari, Mauri"]
[WhiteFideId "4901266"]
[BlackFideId "501999"]
[WhiteElo "2576"]
[BlackElo "2499"]
[Result "0-1"]
[Round "04"]
[TimeControl "180+1"]
[Date "2022.11.30"]
[WhiteClock "0:01:33"]
[BlackClock "0:01:36"]

1. d4 d5 2. Nf3 Nf6 3. Bf4 c5 4. e3 Nc6 5. c3 Qb6 6. Qb3 c4 7. Qc2 Bf5 8. Qc1 e6 9. Nbd2 h6 10. h3 Be7 11. Ne5 O-O 12. Be2 Qd8 13. b3 cxb3 14. axb3 a6 15. Nxc6 bxc6 16. Rxa6 Rxa6 17. Bxa6 Qa5 18. Be2 Ne4 19. Nxe4 Bxe4 20. O-O Qa2 21. Bd1 Ba3 22. Qxa3 Qxa3 23. c4 dxc4 24. bxc4 Bd3 25. Re1 Bxc4 26. Bf3 Bd5 27. e4 Qb4 28. Rc1 Bxe4 29. Bxe4 Qxd4 30. Re1 f5 0-1


[Site "https://www.chess.com"]

[Event "Titled Tuesday Blitz November 29 Early 2022"]
[White "Nasir, Zehn"]
[Black "Boyer, Mahel"]
[WhiteFideId "2613239"]
[BlackFideId "45102422"]
[WhiteElo "1993"]
[BlackElo "2454"]
[Result "0-1"]
[Round "04"]
[TimeControl "180+1"]
[Date "2022.11.30"]
[WhiteClock "0:00:11"]
[BlackClock "0:00:08"]

1. e4 c5 2. Nf3 d6 3. d4 cxd4 4. Nxd4 Nf6 5. Nc3 a6 6. h3 h5 7. Bg5 Nc6 8. Bc4 e6 9. Nxc6 bxc6 10. e5 Qa5 11. Bxf6 gxf6 12. exd6 Qe5+ 13. Qe2 Bxd6 14. Qxe5 Bxe5 15. Na4 Rb8 16. c3 h4 17. O-O-O Rg8 18. Bf1 Rb5 19. Bxb5 cxb5 20. Nb6 Bb7 21. Nd7 Bf4+ 22. Kb1 Ke7 23. Nc5 Bxg2 24. Rhg1 Bd6 25. Nd3 Rg5 26. f4 Rg3 27. Nf2 Bc5 28. Rd2 Bf3 29. Rf1 Be3 30. Rc2 Bxf4 31. Ka1 Bg2 32. Rg1 Be3 33. Re1 f5 34. Nd3 f6 35. Kb1 f4 36. Nb4 e5 37. Nc6+ Bxc6 38. Rce2 Be4+ 39. Ka1 Bd3 40. Rxe3 fxe3 41. Rd1 e2 42. Re1 Rf3 43. a4 Rf1 44. Ka2 Rxe1 45. Kb3 Bc4+ 0-1


[Site "https://www.chess.com"]

[Event "Titled Tuesday Blitz November 29 Early 2022"]
[White "Nepo"]
[Black "Troltenier, Dirk"]
[BlackFideId "4606400"]
[WhiteElo "2124"]
[BlackElo "2330"]
[Result "0-1"]
[Round "04"]
[TimeControl "180+1"]
[Date "2022.11.30"]
[WhiteClock "0:00:08"]
[BlackClock "0:00:47"]

1. e4 e5 2. Nf3 d6 3. d4 exd4 4. Nxd4 Nf6 5. Nc3 Be7 6. Bc4 O-O 7. O-O Re8 8. f3 Nbd7 9. Nf5 Bf8 10. Bg5 Ne5 11. Bb3 Bxf5 12. exf5 c6 13. Ne4 d5 14. Nxf6+ gxf6 15. Bh4 Bc5+ 16. Kh1 Qd6 17. f4 Nd7 18. Rf3 Kh8 19. Rh3 Rg8 20. Qh5 Rg7 21. Rf1 Re8 22. Bg5 fxg5 23. fxg5 Qf4 24. Qd1 Qxg5 25. g3 Qg4 26. Qxg4 Rxg4 27. f6 Rge4 28. c3 Re1 0-1


[Site "https://www.chess.com"]

[Event "Titled Tuesday Blitz November 29 Early 2022"]
[White "Nugumanov, Bakhtiyar"]
[Black "Dehtiarov, Roman"]
[WhiteFideId "13701797"]
[BlackFideId "14186640"]
[WhiteElo "2287"]
[BlackElo "2200"]
[Result "1-0"]
[Round "04"]
[TimeControl "180+1"]
[Date "2022.11.30"]
[WhiteClock "0:00:08"]
[BlackClock "0:00:06"]

1. e4 e5 2. Nf3 Nc6 3. Bc4 Nf6 4. d3 Bc5 5. c3 O-O 6. O-O d6 7. a4 a5 8. Re1 Bg4 9. h3 Bh5 10. Nbd2 Qe7 11. Nf1 Nd8 12. Ng3 Bg6 13. Nh4 Ne6 14. Nhf5 Qd7 15. d4 exd4 16. cxd4 Bb4 17. Bd2 Bxd2 18. Qxd2 Rfe8 19. Bb5 c6 20. Bd3 Rad8 21. Qxa5 Nf4 22. Qd2 Nxd3 23. Qxd3 d5 24. e5 Ne4 25. Nh4 Nxg3 26. Qxg3 Ra8 27. Ra3 Ra6 28. Nf3 Rea8 29. b3 h6 30. Qg4 Qxg4 31. hxg4 b5 32. Rea1 Bc2 33. Ne1 b4 34. Nxc2 bxa3 35. Rxa3 Rb8 36. b4 Kf8 37. a5 Ke7 38. Rc3 Kd7 39. Kf1 Rh8 40. Ke2 h5 41. g5 h4 42. f4 Ke6 43. Na1 Kf5 44. Rf3 g6 45. Nb3 Rb8 46. Nc5 Ra7 47. Nd3 Rab7 48. Rf1 Kg4 49. Kf2 Rxb4 50. Nxb4 Rxb4 51. Ra1 Rb2+ 52. Ke3 Rb8 53. a6 Kg3 54. a7 Ra8 55. Kd3 Kxg2 56. Ra2+ Kg3 57. f5 gxf5 58. e6 fxe6 59. g6 h3 60. g7 h2 61. Ra1 Kg2 62. Ra2+ Kh3 63. Ra1 Kg3 64. Kc3 f4 65. Kb4 f3 66. Kc5 f2 67. Kxc6 Kg2 68. Kb7 Rg8 69. a8=Q Rxg7+ 70. Kb6 h1=Q 71. Rxh1 Kxh1 72. Qh8+ Rh7 73. Qxh7+ Kg1 74. Qg6+ Kh2 75. Qh5+ Kg2 76. Qg5+ Kh2 77. Qh4+ Kg1 78. Qg4+ Kf1 79. Qxe6 Kg2 80. Qxd5+ Kh2 81. Qh5+ Kg2 82. Qg4+ Kh2 83. Qf5 Kg1 84. Qd3 Kg2 85. d5 1-0


[Site "https://www.chess.com"]

[Event "Titled Tuesday Blitz November 29 Early 2022"]
[White "Odegov, Artem"]
[Black "Andrews, Todd"]
[WhiteFideId "34183644"]
[BlackFideId "2012456"]
[WhiteElo "2298"]
[BlackElo "2345"]
[Result "1-0"]
[Round "04"]
[TimeControl "180+1"]
[Date "2022.11.30"]
[WhiteClock "0:02:20"]
[BlackClock "0:00:51"]

1. d4 Nf6 2. c4 c5 3. d5 b5 4. cxb5 a6 5. b6 e6 6. Nc3 Nxd5 7. Nxd5 exd5 8. Qxd5 Nc6 9. e4 Be7 10. Bc4 O-O 11. Nf3 Rb8 12. O-O Rxb6 13. Qh5 d6 14. b3 Be6 15. Bxe6 fxe6 16. Qg4 Qc8 17. Bb2 e5 18. Qxc8 Rxc8 19. Rfd1 Nd4 20. Bxd4 cxd4 21. Rac1 Rbc6 22. Rxc6 Rxc6 23. Kf1 Rc2 24. Rd2 Rc1+ 25. Ke2 g5 26. h3 h5 27. Ne1 Kf7 28. Nd3 Rg1 29. Ne1 d5 30. exd5 Bb4 31. Rd1 Bxe1 32. Rxe1 Rxg2 33. Kf3 Rh2 34. Kg3 1-0


[Site "https://www.chess.com"]

[Event "Titled Tuesday Blitz November 29 Early 2022"]
[White "Orzech, Dominik"]
[Black "Vargas Pereda, Jesus Manue"]
[WhiteFideId "1115065"]
[BlackFideId "5115710"]
[WhiteElo "2272"]
[BlackElo "1950"]
[Result "1-0"]
[Round "04"]
[TimeControl "180+1"]
[Date "2022.11.30"]
[WhiteClock "0:00:08"]
[BlackClock "0:00:49"]

1. Nf3 Nf6 2. c4 g6 3. Nc3 Bg7 4. g3 O-O 5. Bg2 d6 6. d4 Nc6 7. O-O e5 8. d5 Ne7 9. c5 Ne8 10. cxd6 cxd6 11. Qb3 f5 12. a4 Nf6 13. Ng5 Rb8 14. a5 a6 15. Rd1 Bd7 16. Bd2 f4 17. Na4 h6 18. Ne6 Bxe6 19. dxe6 d5 20. Nb6 e4 21. Bb4 Re8 22. gxf4 Nc6 23. Nxd5 Nxb4 24. e7 Qc8 25. Nxf6+ Kh8 26. Nxe8 Qxe8 27. Qxb4 Bf6 28. Qxe4 Qxe7 29. Qxe7 Bxe7 30. Rd7 Bf6 31. Rxb7 Rd8 32. Rb6 Bxb2 33. Rxb2 Kg7 34. Rb7+ Kf6 35. Rb6+ Kf5 36. e3 Re8 37. Rc1 Kg4 38. h3+ Kh5 39. Rc5+ g5 40. Bf3+ Kh4 41. Rxh6# 1-0


[Site "https://www.chess.com"]

[Event "Titled Tuesday Blitz November 29 Early 2022"]
[White "Ovchinnikov, Vsevolod"]
[Black "Seo, Jung Min"]
[WhiteFideId "24176842"]
[BlackFideId "1734687"]
[WhiteElo "2376"]
[BlackElo "2455"]
[Result "1/2-1/2"]
[Round "04"]
[TimeControl "180+1"]
[Date "2022.11.30"]
[WhiteClock "0:00:10"]
[BlackClock "0:01:27"]

1. Nf3 d5 2. c4 e6 3. b3 Nf6 4. Bb2 Be7 5. Qc2 O-O 6. g3 c5 7. Bg2 Nc6 8. cxd5 exd5 9. O-O d4 10. e3 Bg4 11. h3 Bh5 12. Na3 Bg6 13. Qd1 dxe3 14. dxe3 Rc8 15. Ne5 Nxe5 16. Bxe5 b6 17. Qc1 Qd7 18. Rd1 Qe6 19. Qb2 Rfd8 20. Nb5 a5 21. Rac1 Ne8 22. g4 h5 23. Rxd8 Rxd8 24. Bf3 hxg4 25. hxg4 Bf6 26. Bxf6 Nxf6 27. Rd1 Rxd1+ 28. Bxd1 Nxg4 29. Qd2 Ne5 30. Qd8+ Kh7 31. Qh4+ Kg8 32. Qd8+ Kh7 33. Qh4+ Kg8 34. Qd8+ 1/2-1/2


[Site "https://www.chess.com"]

[Event "Titled Tuesday Blitz November 29 Early 2022"]
[White "Ozen, Bahadir"]
[Black "Eynullayev, Atilla"]
[WhiteFideId "6337058"]
[BlackFideId "13413570"]
[WhiteElo "2503"]
[BlackElo "2181"]
[Result "1/2-1/2"]
[Round "04"]
[TimeControl "180+1"]
[Date "2022.11.30"]
[WhiteClock "0:01:11"]
[BlackClock "0:00:47"]

1. g3 Nf6 2. Bg2 d5 3. Nf3 e6 4. O-O Be7 5. d3 O-O 6. Nbd2 c5 7. e4 Nc6 8. Re1 b5 9. a4 b4 10. b3 Bb7 11. Bb2 Rc8 12. exd5 Nxd5 13. Ne5 Nd4 14. f4 Nf5 15. Ndc4 Ba8 16. Qd2 Qc7 17. Qf2 Nf6 18. Bxa8 Rxa8 19. Qf3 Nd5 20. Re2 Rad8 21. Rf1 Nc3 22. Bxc3 bxc3 23. Qc6 Rc8 24. Qxc7 Rxc7 25. Nf3 Bf6 26. Kg2 Bd4 27. g4 Ne7 28. Kg3 Nd5 29. Re4 Nb4 30. Rc1 Rd8 31. h3 Kf8 32. Ng5 h6 33. Nf3 Kg8 34. Re2 Nd5 35. Re4 Nb4 36. Re2 Nd5 37. Re4 Nb4 1/2-1/2


[Site "https://www.chess.com"]

[Event "Titled Tuesday Blitz November 29 Early 2022"]
[White "Pakleza, Zbigniew"]
[Black "Polanco Nunez, Yoel Estarling"]
[WhiteFideId "1119290"]
[BlackFideId "6401783"]
[WhiteElo "2411"]
[BlackElo "2132"]
[Result "1-0"]
[Round "04"]
[TimeControl "180+1"]
[Date "2022.11.30"]
[WhiteClock "0:00:46"]
[BlackClock "0:00:58"]

1. d4 Nf6 2. Nf3 d5 3. Bf4 c5 4. c3 Nc6 5. Nbd2 cxd4 6. cxd4 Bf5 7. e3 e6 8. Qb3 Qb6 9. Qxb6 axb6 10. Bb5 Bb4 11. Ke2 O-O 12. Rhc1 Rfc8 13. a3 Bf8 14. Ne5 Nxe5 15. Bxe5 h6 16. Bc7 Ra5 17. a4 Be7 18. Bxb6 Raa8 19. f3 Bd6 20. g4 Bg6 21. h3 e5 22. dxe5 Bxe5 23. Bd4 Bxd4 24. exd4 h5 25. Nb3 b6 26. Rxc8+ Rxc8 27. Rc1 Rb8 28. Nd2 hxg4 29. hxg4 Nh7 30. Ba6 Nf8 31. Rc8 Rxc8 32. Bxc8 Bc2 33. b3 Ng6 34. Ke3 Ne7 35. Bd7 Kf8 36. b4 Ng8 37. a5 Nf6 38. a6 1-0


[Site "https://www.chess.com"]

[Event "Titled Tuesday Blitz November 29 Early 2022"]
[White "Papp, Levente"]
[Black "Jain, Naveen"]
[WhiteFideId "751243"]
[BlackFideId "5003970"]
[WhiteElo "2380"]
[BlackElo "2036"]
[Result "1-0"]
[Round "04"]
[TimeControl "180+1"]
[Date "2022.11.30"]
[WhiteClock "0:00:15"]
[BlackClock "0:00:02"]

1. d4 Nf6 2. Nc3 c5 3. d5 d6 4. g3 g6 5. Bg2 Bg7 6. e4 O-O 7. Nge2 e6 8. O-O exd5 9. exd5 Re8 10. Bf4 Nh5 11. Be3 Nd7 12. Qc1 b5 13. Nxb5 Nb6 14. c4 a6 15. Na3 Na4 16. b3 Bxa1 17. Qxa1 Rxe3 18. fxe3 Nb6 19. Nf4 Nxf4 20. exf4 Bf5 21. Re1 Qd7 22. Nb1 Re8 23. Nd2 a5 24. g4 Bxg4 25. Ne4 Rxe4 26. Rxe4 Bf5 27. Re3 Qd8 28. Qe1 Kg7 29. Qxa5 Qf6 30. Qc3 Nd7 31. Qxf6+ Nxf6 32. a3 Nd7 33. b4 Nb6 34. Bf1 Na4 35. Re8 1-0


[Site "https://www.chess.com"]

[Event "Titled Tuesday Blitz November 29 Early 2022"]
[White "Paravyan, David"]
[Black "Bacrot, Etienne"]
[WhiteFideId "4194985"]
[BlackFideId "605506"]
[WhiteElo "2546"]
[BlackElo "2666"]
[Result "1/2-1/2"]
[Round "04"]
[TimeControl "180+1"]
[Date "2022.11.30"]
[WhiteClock "0:00:10"]
[BlackClock "0:00:12"]

1. e4 c5 2. Nf3 d6 3. d4 cxd4 4. Nxd4 Nf6 5. Nc3 Nc6 6. Bg5 e6 7. Qd2 a6 8. Nxc6 bxc6 9. O-O-O Qc7 10. Bc4 Be7 11. Bxf6 gxf6 12. Rhe1 h5 13. f4 Bb7 14. Kb1 d5 15. Bb3 O-O-O 16. Qe2 Bd6 17. g3 h4 18. a3 hxg3 19. hxg3 Kb8 20. Na4 dxe4 21. Qxe4 c5 22. Qc4 f5 23. Rd3 Be7 24. Nc3 Rxd3 25. Qxd3 Rd8 26. Qe2 Bf6 27. Rd1 Bxc3 28. Rxd8+ Qxd8 29. bxc3 Qd6 30. Kc1 Ka7 31. Kb2 Bd5 32. Qd3 Qc6 33. c4 Be4 34. Qd8 Kb7 35. Kc3 Qc7 36. Qxc7+ Kxc7 37. Kd2 Bc6 38. c3 Kd6 39. Bd1 f6 40. Ke3 e5 41. Bc2 Bd7 42. Bd3 Be6 43. Bc2 Kc6 44. Kd2 Kb6 45. Bb3 Kc7 46. Bc2 Kd6 47. Bb1 Ke7 48. Bc2 Kf7 49. Ke3 Kg7 50. Bb1 Kh6 51. Bc2 Kh5 52. Bd1+ Kg6 53. Bc2 Bxc4 54. g4 Be6 55. Bb1 Bd7 56. Bc2 a5 57. Bb1 Be6 58. Bc2 Bc8 59. Bb1 Bd7 60. Bc2 Be6 61. Bb1 Bd7 62. Bc2 Be6 63. Bb1 Bd7 1/2-1/2


[Site "https://www.chess.com"]

[Event "Titled Tuesday Blitz November 29 Early 2022"]
[White "Pein, Jonathan"]
[Black "Langner, Ladislav"]
[WhiteFideId "417092"]
[BlackFideId "300403"]
[WhiteElo "2227"]
[BlackElo "2346"]
[Result "1-0"]
[Round "04"]
[TimeControl "180+1"]
[Date "2022.11.30"]
[WhiteClock "0:01:02"]
[BlackClock "0:00:07"]

1. d4 Nf6 2. f3 g6 3. e4 c5 4. Ne2 cxd4 5. Nxd4 Bg7 6. c4 Nc6 7. Nc3 Nxd4 8. Qxd4 d6 9. Bg5 O-O 10. Qd2 Be6 11. Be2 Rc8 12. b3 b5 13. Nxb5 Nxe4 14. fxe4 Bxa1 15. O-O Be5 16. Nxa7 Rc7 17. Nb5 Rd7 18. Nd4 Qb6 19. Be3 Qb8 20. Nxe6 fxe6 21. Bg4 Rxf1+ 22. Kxf1 Qf8+ 23. Qf2 Qxf2+ 24. Kxf2 Kf7 25. b4 Rd8 26. a4 Ra8 27. Bd1 Bc3 28. b5 Rc8 29. Bb3 Kf6 30. Ke2 Ke5 31. Kd3 Ba5 32. g3 Kf6 33. h4 h5 34. Bg5+ Kf7 35. e5 dxe5 36. Be3 Be1 37. b6 Bxg3 38. Ke4 Be1 39. c5 Bb4 40. b7 Rb8 41. c6 Ba5 42. Ba7 Bc7 43. a5 Rd8 44. Bb6 Bxb6 45. axb6 Kf6 46. c7 Rd4+ 47. Ke3 1-0


[Site "https://www.chess.com"]

[Event "Titled Tuesday Blitz November 29 Early 2022"]
[White "Pinheiro, Iung Alicio de O."]
[Black "Bogaudinov, Rushan"]
[WhiteFideId "2104350"]
[BlackFideId "4129288"]
[WhiteElo "2283"]
[BlackElo "1997"]
[Result "1-0"]
[Round "04"]
[TimeControl "180+1"]
[Date "2022.11.30"]
[WhiteClock "0:00:22"]
[BlackClock "0:00:27"]

1. d4 d5 2. Bf4 Nf6 3. e3 g6 4. h4 h6 5. Nc3 Bg7 6. Nb5 Na6 7. h5 g5 8. Be5 c6 9. Nc3 Kf8 10. f4 g4 11. Nge2 Nc7 12. Ng3 Nce8 13. Bd3 b5 14. a4 b4 15. Na2 a5 16. c3 bxc3 17. Nxc3 Nd6 18. Rc1 Rb8 19. Qc2 Qb6 20. Nd1 Bd7 21. O-O Qb3 22. Qd2 Qxa4 23. Rc5 Qb4 24. Qc2 a4 25. Nc3 Qxb2 26. Qxa4 Qd2 27. Qc2 Qxe3+ 28. Kh2 Nde4 29. Bxe4 Nxe4 30. Ncxe4 dxe4 31. Bxb8 Bxd4 32. Rc4 c5 33. Be5 f6 34. Bxd4 cxd4 35. Rc7 d3 36. Qc3 Ke8 37. Rc8+ Bxc8 38. Qxc8+ Kf7 39. Qxh8 d2 40. Qh7+ Ke8 41. Qxe7+ Kxe7 42. Nf5+ Ke6 43. Nxe3 Kd6 44. Rd1 1-0


[Site "https://www.chess.com"]

[Event "Titled Tuesday Blitz November 29 Early 2022"]
[White "Postny, Evgeny"]
[Black "Le, Tuan Minh"]
[WhiteFideId "2804344"]
[BlackFideId "12401153"]
[WhiteElo "2476"]
[BlackElo "2530"]
[Result "0-1"]
[Round "04"]
[TimeControl "180+1"]
[Date "2022.11.30"]
[WhiteClock "0:00:01"]
[BlackClock "0:00:06"]

1. e4 c5 2. Nf3 Nf6 3. e5 Nd5 4. Nc3 e6 5. Bc4 Nb6 6. Bd3 Nc6 7. O-O d6 8. exd6 Bxd6 9. Be4 Nd4 10. a4 a6 11. a5 Nd7 12. Nxd4 cxd4 13. Ne2 Bxh2+ 14. Kxh2 Qh4+ 15. Kg1 Qxe4 16. d3 Qd5 17. Ra4 e5 18. f4 b5 19. axb6 Bb7 20. Rf2 Nxb6 21. Rb4 Qc5 22. c3 a5 23. Rb3 Bd5 24. c4 Bc6 25. Rxb6 Qxb6 26. fxe5 O-O 27. Ng3 Rae8 28. Qg4 Rxe5 29. Bh6 g6 30. Qf4 Re1+ 31. Kh2 Qd8 32. Bg5 Qe8 33. Qh4 f5 34. Qxd4 Qe5 35. Qh4 Rf7 36. Bf4 Qd4 37. Qh6 Qxf2 38. Nh5 Qxg2# 0-1


[Site "https://www.chess.com"]

[Event "Titled Tuesday Blitz November 29 Early 2022"]
[White "Pourkashiyan, Atousa"]
[Black "Tsydypov, Zhamsaran"]
[WhiteFideId "12502014"]
[BlackFideId "4108566"]
[WhiteElo "2247"]
[BlackElo "2591"]
[Result "0-1"]
[Round "04"]
[TimeControl "180+1"]
[Date "2022.11.30"]
[WhiteClock "0:00:12"]
[BlackClock "0:02:30"]

1. e4 c5 2. Nf3 e6 3. d4 cxd4 4. Nxd4 a6 5. c4 Nf6 6. Nc3 Qc7 7. a3 b6 8. Be2 Bb7 9. f3 d6 10. O-O Nbd7 11. Be3 Be7 12. Qd2 O-O 13. Rfd1 Rac8 14. Rac1 Qb8 15. b4 Bd8 16. Kh1 Bc7 17. Bg1 h5 18. Qg5 d5 19. exd5 Bf4 20. Qh4 Bxc1 21. Rxc1 exd5 22. Nf5 Qe5 23. Qg5 g6 24. Bd3 Nh7 25. Ne7+ Kg7 26. Bd4 Nxg5 27. Bxe5+ Nxe5 28. Nxc8 Nxd3 29. Rd1 Nf2+ 0-1


[Site "https://www.chess.com"]

[Event "Titled Tuesday Blitz November 29 Early 2022"]
[White "Pranav, V"]
[Black "Matinian, Nikita"]
[WhiteFideId "25060783"]
[BlackFideId "24129100"]
[WhiteElo "2430"]
[BlackElo "2422"]
[Result "1-0"]
[Round "04"]
[TimeControl "180+1"]
[Date "2022.11.30"]
[WhiteClock "0:00:38"]
[BlackClock "0:00:37"]

1. e4 c5 2. Nf3 d6 3. c3 Nf6 4. Be2 g6 5. O-O Bg7 6. Bb5+ Bd7 7. Bxd7+ Nbxd7 8. Re1 O-O 9. d4 Qc7 10. h3 Rac8 11. d5 e6 12. c4 exd5 13. exd5 Rce8 14. Rxe8 Rxe8 15. Nc3 Ne4 16. Nb5 Qb6 17. Qa4 a6 18. Nc3 Qc7 19. Nxe4 Rxe4 20. Rb1 b5 21. Qxa6 bxc4 22. Be3 Nb6 23. Nd2 Rxe3 24. fxe3 Bh6 25. Nxc4 Nxd5 26. Qa8+ 1-0


[Site "https://www.chess.com"]